 Dungeon Crawl Stone Soup version 0.19.1 (webtiles) character file.

533876 JeffiDaFish the Bludgeoner (level 25, 0/164 HPs)
             Began as a Gargoyle Fighter on Dec 1, 2016.
             Was the Champion of Makhleb.
             Slain by an earth elemental (10 damage)
             ... summoned by a ghostly deep elf elementalist
             ... on level 3 of the Elven Halls.
             The game lasted 02:44:24 (41786 turns).

JeffiDaFish the Bludgeoner (Gargoyle Fighter)      Turns: 41786, Time: 02:44:24

Health: 0/164      AC: 60    Str: 25      XL:     25   Next: 74%
Magic:  38/38      EV: 13    Int: 14 (16) God:    Makhleb [******]
Gold:   4050       SH: 26    Dex: 29 (30) Spells: 2 memorised, 35 levels left

rFire  + . .     SeeInvis .     N - +9 morningstar "Banisher" {crush, rC+ rN+ Stlth+}
rCold  + + .     Gourm    .     t - +4 plate armour {rF+}
rNeg   + + .     Faith    .     C - +2 large shield {AC+3}
rPois  ∞         Spirit   .     o - +2 helmet
rElec  +         Reflect  .     Q - +4 cloak of Yredelemnul's Reproof {rF+ MR+}
rCorr  .         Harm     .     v - +0 pair of gloves "Dety" {Int+4 Dex+4}
MR     +++..                    m - +2 pair of boots
Stlth  ..........               q - amulet of Kokhlas {*Drain +Rage Dex+5}
                                b - ring of Xom's Best Wishes {Ice MR+ Dex+8}
                                h - ring "Hieceu Leergh" {rPois Slay+3 Stlth-}

@: flying, drained
A: big wings, clever 1, clumsy 1, deterioration 1, negative energy resistance 1,
electricity resistance, unbreathing, petrification resistance, rot immunity, AC
+19
a: Stop Flying, Minor Destruction, Lesser Servant of Makhleb, Major Destruction,
Greater Servant of Makhleb, Renounce Religion, Evoke Berserk Rage
}: 3/15 runes: barnacled, silver, gossamer


You were on level 3 of the Elven Halls.
You worshipped Makhleb.
Makhleb was exalted by your worship.
You were hungry.

You visited 9 branches of the dungeon, and saw 43 of its levels.
You visited the Abyss 2 times.
You visited 1 bazaar.
You also visited: Ice Cave.

You collected 6696 gold pieces.
You spent 2646 gold pieces at shops.

Inventory:

Hand Weapons
 e - a +7 eveningstar of flaming
 y - the +6 shillelagh "Devastator" {shatter}
   (You acquired it on level 8 of the Dungeon)
 N - the +9 morningstar "Banisher" (weapon) {crush, rC+ rN+ Stlth+}
   (You found it on level 3 of the Vaults)

   It inflicts extra damage upon your enemies.
   It protects you from cold.
   It protects you from negative energy.
   It makes you more stealthy.
Armour
 m - a +2 pair of boots (worn)
 o - a +2 helmet (worn)
 t - a +4 plate armour of fire resistance (worn)
 v - the +0 pair of gloves "Dety" (worn) {Int+4 Dex+4}
   (You took it off Nikola on level 3 of the Vaults)

   It affects your intelligence (+4).
   It affects your dexterity (+4).
 C - a +2 large shield of protection (worn)
 Q - the +4 cloak of Yredelemnul's Reproof (worn) {rF+ MR+}
   (You found it on level 4 of the Vaults)

   It protects you from fire.
   It affects your resistance to hostile enchantments.
Jewellery
 b - the ring of Xom's Best Wishes (right hand) {Ice MR+ Dex+8}
   (You took it off Jory on level 3 of the Crypt)

   [ring of ice]

   It enhances your ice magic.
   It affects your dexterity (+8).
   It makes you vulnerable to fire.
   It protects you from cold.
   It affects your resistance to hostile enchantments.
 h - the ring "Hieceu Leergh" (left hand) {rPois Slay+3 Stlth-}
   (You found it in an ice cave)

   [ring of loudness]

   It affects your accuracy and damage with ranged weapons and melee attacks
   (+3).
   It protects you from poison.
   It makes you less stealthy.
 q - the amulet of Kokhlas (around neck) {*Drain +Rage Dex+5}
   (You found it on level 3 of the Crypt)

   [amulet of rage]

   It affects your dexterity (+5).
   It lets you go berserk.
   It causes draining when unequipped.
Scrolls
 a - a scroll of holy word
 d - 8 scrolls of recharging
 g - a scroll of summoning
 p - 5 scrolls of fear
 u - 8 scrolls of teleportation
 z - 3 scrolls of fog
 D - 18 scrolls of remove curse
 L - a scroll of blinking
Potions
 l - 5 potions of haste
 w - 4 potions of agility
 A - 13 potions of curing
 B - 6 potions of cancellation
 E - 3 potions of heal wounds
 G - 6 potions of ambrosia
 J - 4 potions of brilliance
 R - a potion of invisibility
 S - 2 potions of might
Books
 c - a book of Annihilations

   Spells                             Type                      Level
   a - Poison Arrow                   Conjuration/Poison           6
   b - Chain Lightning                Conjuration/Air              8
   c - Lehudib's Crystal Spear        Conjuration/Earth            8
   d - Glaciate                       Conjuration/Ice              9
   e - Fire Storm                     Conjuration/Fire             9
 I - a book of the Earth

   Spells                             Type                      Level
   a - Leda's Liquefaction            Hexes/Earth                  4
   b - Bolt of Magma                  Conjuration/Fire/Earth       5
   c - Statue Form                    Transmutation/Earth          6
   d - Iron Shot                      Conjuration/Earth            6
   e - Shatter                        Earth                        9
Miscellaneous
 x - a phantom mirror
Comestibles
 f - 19 bread rations
 i - 2 slices of pizza
 k - 16 meat rations
 r - 37 fruits
 s - 14 beef jerkies
 H - a royal jelly


   Skills:
 * Level 18.9(18.8) Fighting
 * Level 19.6(19.4) Maces & Flails
 * Level 19.0(18.9) Armour
 - Level 7.0(6.9) Dodging
 - Level 3.1(3.0) Stealth
 * Level 19.6(19.4) Shields
 - Level 0.6(0.5) Unarmed Combat
 + Level 11.0(10.9) Spellcasting
 + Level 12.9(12.8) Conjurations
 + Level 12.0(11.8) Fire Magic
 + Level 14.0(13.9) Earth Magic
 + Level 6.7(6.6) Evocations


You had 35 spell levels left.
You knew the following spells:

 Your Spells              Type           Power        Failure   Level  Hunger
a - Bolt of Magma         Conj/Fire/Erth #####.....   17%         5    #####..
b - Iron Shot             Conj/Erth      #####.....   75%         6    ######.


Dungeon Overview and Level Annotations

Branches:
Dungeon (15/15)            Temple (1/1) D:4            Lair (6/6) D:8
 Shoals (4/4) Lair:2       Spider (4/4) Lair:3        Slime (0/5) Lair:5
    Orc (2/2) D:11            Elf (3/3) Orc:2        Vaults (5/5) D:14
  Crypt (3/3) Vaults:3       Tomb (0/3) Crypt:3      Depths (0/5) D:15

Altars:
Ashenzari
Cheibriados
Dithmenos
Elyvilon
Fedhas
Gozag
Hepliaklqana
Kikubaaqudgha
Makhleb
Nemelex Xobeh
Okawaru
Qazlal
Ru
Sif Muna
Trog
Uskayaw
Vehumet
Xom
Yredelemnul
Zin
The Shining One
Jiyva

Shops:
D:5 *   D:6 [   D:12 ?   Orc:1 *   Orc:2 ?:[(   Elf:1 }   Elf:3 ?}   Vaults:1 (
Vaults:2 ((!

Portals:
Hell: Lair:6

Annotations:
Lair:5 exclusion: 4 oklob plants
Spider:4 exclusion: Roxanne, Roxanne


Innate Abilities, Weirdness & Mutations

You are resistant to torment.
Your stone body is resilient. (AC +19)
You are immune to poison.
Your large and strong wings let you fly indefinitely.
You resist negative energy. (rN+)
You are resistant to electric shocks. (rElec)
You can survive without breathing.
You are immune to petrification.
You are immune to rotting.
Your mind is acute. (Int +2)
You are clumsy. (Dex -2)
Your body sometimes deteriorates upon taking damage.


Message History

You puncture the deep elf annihilator!
The deep elf annihilator is almost dead.
The deep elf annihilator seems less brilliant.
The ghostly deep elf annihilator seems less brilliant.
The deep elf sorcerer seems less brilliant.
The deep elf annihilator seems less brilliant. x2
The deep elf annihilator is empowered by the deep elf high priest's aura!
The ghostly deep elf annihilator is empowered by the deep elf high priest's aura!
The deep elf sorcerer is empowered by the deep elf high priest's aura!
The deep elf annihilator is empowered by the deep elf high priest's aura! x2
You block the deep elf annihilator's attack.
The deep elf annihilator gestures wildly while chanting.
The deep elf annihilator blinks!
The ghostly deep elf annihilator points at you and mumbles some strange words.
The crystal spear hits you!
* * * LOW HITPOINT WARNING * * *
Your body deteriorates!
You feel clumsy.
The deep elf demonologist mumbles some strange words.
The earth elemental hits you!
You die...

#.+...+.###....(()###.'...+...#
#.#...#.##...)(...###(#...#..##
#.##'##.##......2.e().##+##.##
#............E.§..###.......#
#######.####.E#.∩......#.####
#.####E#...#####.#.#
#.##...eee.#####.#.#
#.##...Eee..#......#
#.....##@##.#.##.###
####..#.e.#...##.#
#..+...+......# #..#...#.######
##.##+##.# #.......# #########


You could see 3 deep elf annihilators, a ghostly deep elf annihilator, a deep
elf sorcerer, a deep elf demonologist, a deep elf high priest, 4 earth
elementals and a tormentor.

Vanquished Creatures
  Mara (Vaults:3)
  An ancient lich (Vaults:5)
  Boris (Crypt:1)
  Frederick (Vaults:4)
  Jory (Crypt:3)
  A profane servitor (Crypt:3)
  Nikola (Vaults:3)
  2 bone dragons
  The ghost of JeffiDaFish the Peltast, a veteran GrFi of Makhleb (Vaults:5)
  Jorgrun (Vaults:2)
  4 tentacled monstrosities
  2 liches
  2 deep elf blademasters
  2 titans (Vaults:5)
  6 ancient champions
  A deep elf master archer (Elf:3)
  Frances (D:12)
  Kirke (Shoals:1)
  3 tengu reavers (Vaults:5)
  4 sphinxes
  2 tentacled starspawn (Abyss:4)
  Ilsuiw (Shoals:4)
  3 shadow dragons (Vaults:5)
  3 revenants
  2 storm dragons (Vaults:5)
  5 fire giants
  6 frost giants
  Louise (Elf:2)
  3 deep elf sorcerers
  An iron dragon (Vaults:5)
  17 vault wardens
  5 ghost moths
  Aizul (Vaults:4)
  A cacodemon (Abyss:4)
  2 emperor scorpions (Spider:4)
  An ophan (Abyss:4)
  2 deep elf elementalists (Vaults:5)
  The ghost of Beargit the Convoker, an adept FeSu of Sif Muna (Crypt:1)
  13 ghouls
  3 war gargoyles
  17 stone giants
  2 entropy weavers
  16 ironheart preservers
  6 very ugly things
  Nessos (Lair:6)
  8 vampire knights
  5 deep elf demonologists
  10 deep elf annihilators
  Azrael (D:15)
  A lorocyproca (Abyss:4)
  6 deep elf death magi
  2 spark wasps (Spider:4)
  2 dire elephants (Lair:6)
  5 ettins
  4 eidola
  A crystal guardian (Vaults:3)
  5 merfolk javelineers
  3 fire dragons
  2 deep elf high priests (Elf:3)
  12 yaktaur captains
  Erolcha (D:11)
  13 merfolk impalers
  27 vault guards
  3 great orbs of eyes
  27 jiangshi
  8 ice dragons
  A spectral shadow dragon (Crypt:3)
  6 hydras
  The ghost of Ice the Spear-Bearer, a journeyman MiBe of Trog (Lair:2)
  3 rakshasas
  4 centaur warriors
  3 alligator snapping turtles
  5 merfolk aquamancers (Shoals:4)
  10 death knights
  2 deep troll shamans
  4 merfolk avatars (Shoals:4)
  5 satyrs
  23 dancing weapons
  7 death scarabs (Spider:4)
  A tengu warrior (D:14)
  8 vampire magi
  16 ogre magi
  2 death yaks
  5 thrashing horrors (Abyss:4)
  A sun demon (Lair:6)
  2 deep troll earth magi
  A storm dragon zombie (Crypt:2)
  An orc high priest (Elf:2)
  A wretched star (Abyss:4)
  2 shock serpents (shapeshifter)
  26 deep elf knights
  A soul eater (Crypt:1)
  A hell knight (Crypt:3)
  3 sixfirhies
  32 skeletal warriors
  7 large abominations
  6 shadow wraiths
  12 sea snakes
  An unseen horror (D:15)
  12 deep trolls
  3 flayed ghosts (Crypt:3)
  A spatial maelstrom (Abyss:4)
  7 wizards
  31 deep elf archers
  6 hill giants
  8 orb spiders
  A harpy (shapeshifter) (Vaults:5)
  A sphinx zombie (Crypt:1)
  8 phantasmal warriors
  12 ironbrand convokers
  2 spectral wolf spiders (Spider:4)
  38 harpies
  5 necromancers
  10 orc knights
  4 wolf spider zombies
  29 wolf spiders
  2 orc sorcerers
  A stone giant zombie (Crypt:2)
  31 fauns
  65 deep elf magi
  29 ugly things
  A worldbinder (Abyss:4)
  4 moths of wrath
  11 cyclopes
  3 salamanders (shapeshifter)
  3 centaur zombies
  A torpor snail (shapeshifter) (Vaults:5)
  A moth of wrath (shapeshifter) (Vaults:4)
  7 sirens
  2 orange demons (Lair:6)
  9 manticores
  6 black mambas
  The ghost of jdrake7766 the Chopper, a novice DDFi (D:5)
  An ice statue (IceCv)
  Joseph (D:9)
  2 elephants (Lair:6)
  2 smoke demons
  10 water nymphs
  11 vault sentinels
  A guardian serpent (shapeshifter) (Elf:2)
  An eye of devastation (shapeshifter) (Vaults:5)
  A titan simulacrum (Abyss:4)
  2 torpor snails (Spider:2)
  A mottled draconian zombie (Crypt:2)
  A white draconian zombie (Crypt:2)
  6 spiny frogs
  2 spectral redbacks (Spider:4)
  6 gargoyles
  2 rime drakes (shapeshifter)
  A kobold demonologist (D:13)
  9 rime drakes
  A yaktaur (shapeshifter) (Vaults:5)
  3 tormentors (Abyss:4)
  11 demonic crawlers
  A golden dragon simulacrum (Crypt:3)
  20 freezing wraiths
  39 yaktaurs
  8 komodo dragons
  A black draconian zombie (Crypt:2)
  A hellwing (Shoals:1)
  3 ancient zymes (Abyss:4)
  6 ice devils (Lair:6)
  2 redback zombies
  5 trolls
  A green draconian skeleton (Crypt:1)
  25 jumping spiders
  A tengu conjurer (D:15)
  8 hornets
  3 meliai (Spider:1)
  17 polar bears
  A wolf spider simulacrum (Crypt:3)
  3 wind drakes
  33 two-headed ogres
  25 merfolk
  2 queen bees
  A troll (shapeshifter) (Vaults:3)
  2 blink frogs (shapeshifter)
  2 spectral jumping spiders (Spider:4)
  4 raiju (Abyss:4)
  A bog body (Crypt:2)
  13 blink frogs
  A death drake skeleton (Crypt:2)
  A frost giant simulacrum (Vaults:3)
  15 slime creatures
  2 dream sheep (Shoals:2)
  A spectral tarantella (Spider:4)
  10 hippogriffs
  10 snapping turtles
  24 tarantellas
  4 tarantella zombies (Spider:4)
  A centaur simulacrum (D:15)
  A jumping spider zombie (Spider:4)
  6 shadows
  55 flying skulls
  51 redbacks
  A yak (shapeshifter) (Vaults:1)
  11 water elementals
  40 yaks
  A ynoxinul (Abyss:4)
  An air elemental (Elf:3)
  6 wyverns
  7 wraiths
  A hog (shapeshifter) (Vaults:3)
  20 humans
  6 fire elementals
  3 basilisks
  4 vampire mosquitoes
  2 hogs (Shoals:1)
  3 hungry ghosts
  2 chaos spawn (Abyss:4)
  A harpy simulacrum (Abyss:4)
  3 mottled dragons
  A warg (shapeshifter) (Vaults:4)
  6 wargs
  A soldier ant (D:15)
  An orb spider zombie (Crypt:1)
  2 spatial vortices (Abyss:4)
  25 water moccasins
  A floating eye (shapeshifter) (Vaults:3)
  5 porcupines
  6 hell hounds
  A spectral hornet (Spider:4)
  A meliai simulacrum (D:15)
  3 ice beasts
  2 hornet zombies (Spider:4)
  A manticore zombie (Crypt:2)
  3 phantoms
  28 orc warriors
  2 black bears
  12 necrophages
  55 ogres
  2 eyes of draining
  A manticore skeleton (Crypt:2)
  36 wolves
  16 centaurs
  A dream sheep skeleton (Crypt:2)
  8 small abominations
  A snapping turtle skeleton (Crypt:2)
  7 boggarts (Vaults:3)
  A torpor snail zombie (Crypt:1)
  15 crocodiles
  4 big kobolds
  17 bullfrogs
  A draconian skeleton (Crypt:1)
  A deep troll simulacrum (Vaults:1)
  A hell hound skeleton (Crypt:1)
  A water moccasin skeleton (D:3)
  5 scorpions
  31 killer bees
  12 wights
  8 electric eels
  2 howler monkeys (D:13)
  10 crimson imps
  2 quasits
  2 bullfrog zombies
  2 centaur skeletons
  2 hounds
  4 jellies
  14 orc priests
  4 bullfrog skeletons
  4 iguanas
  23 orc wizards
  9 worker ants
  A crocodile zombie (Crypt:1)
  A dwarf skeleton (Crypt:1)
  A hound zombie (Crypt:2)
  A hound skeleton (D:6)
  A tengu skeleton (Crypt:2)
  8 gnolls
  27 adders
  6 shadow imps
  3 worms
  10 leopard geckos
  90 orcs
  3 bat skeletons (D:4)
  2 bat zombies (D:4)
  6 giant cockroaches
  5 goblins
  7 hobgoblins
  8 jackals
  3 quokkas
  7 bats
  4 frilled lizards
  A hobgoblin skeleton (Crypt:1)
  22 kobolds
  11 rats
  A rat zombie (Crypt:2)
  A river rat skeleton (Crypt:1)
  A butterfly (Lair:3)
  5 fungi
  10 plants
  A starspawn tentacle (Abyss:4)
2103 creatures vanquished.

Vanquished Creatures (collateral kills)
  An iguana (D:8)
1 creature vanquished.

Vanquished Creatures (others)
  An eldritch tentacle (Crypt:1)
  An entropy weaver (Vaults:3)
  A deep elf annihilator (Vaults:5)
  A death yak (D:8)
  4 deep elf knights
  An orc knight (Vaults:3)
  An elephant (D:8)
  A polar bear (IceCv)
  2 hippogriffs (D:8)
  A redback (Vaults:3)
  5 humans
  A sky beast (D:5)
  An orc warrior (D:8)
  2 scorpions
  2 wights (D:7)
  A vampire bat (D:4)
  2 crimson imps (D:5)
  An orc wizard (D:7)
  An adder (D:4)
  3 orcs
  4 fungi
  20 plants
  3 starspawn tentacles (Abyss:4)
60 creatures vanquished.

Grand Total: 2164 creatures vanquished

Notes
Turn   | Place    | Note
-------+----------+-------------------------------------------
     0 | D:1      | JeffiDaFish the Gargoyle Fighter began the quest for the Orb.
     0 | D:1      | Reached XP level 1. HP: 14/14 MP: 1/1
   203 | D:1      | Reached XP level 2. HP: 18/19 MP: 2/2
   516 | D:1      | Reached XP level 3. HP: 24/24 MP: 3/3
   892 | D:2      | Found a glowing golden altar of the Shining One.
  1165 | D:2      | Found a hazy altar of Hepliaklqana.
  1354 | D:2      | Reached XP level 4. HP: 20/29 MP: 4/4
  1727 | D:2      | Found a shadowy altar of Dithmenos.
  1828 | D:2      | Found a faded altar of an unknown god.
  1828 | D:2      | Found a deep blue altar of Sif Muna.
  1839 | D:2      | Found a white marble altar of Elyvilon.
  1841 | D:2      | Found a bloodstained altar of Trog.
  1842 | D:2      | Found a faded altar of an unknown god.
  2024 | D:3      | Reached XP level 5. HP: 8/33 MP: 5/5
  3090 | D:4      | Reached skill level 1 in Dodging
  3090 | D:4      | Reached XP level 6. HP: 37/38 MP: 6/6
  3264 | D:4      | Found a staircase to the Ecumenical Temple.
  3272 | Temple   | Entered the Ecumenical Temple
  3624 | D:4      | Found an ancient bone altar of Kikubaaqudgha.
  3831 | D:5      | Entered Level 5 of the Dungeon
  4069 | D:5      | Noticed a sky beast
  4074 | D:5      | Reached XP level 7. HP: 26/43 MP: 7/7
  4172 | D:5      | Noticed jdrake7766's ghost (novice DDFi)
  4197 | D:5      | Killed jdrake7766's ghost
  4197 | D:5      | Reached skill level 5 in Maces & Flails
  4197 | D:5      | Reached skill level 5 in Armour
  4197 | D:5      | Reached skill level 1 in Stealth
  4197 | D:5      | Reached skill level 5 in Shields
  4326 | D:5      | Reached XP level 8. HP: 41/48 MP: 8/8
  4336 | D:5      | Found Zin's Purification Station.
  4338 | D:5      | Found a glowing silver altar of Zin.
  4638 | D:6      | Found a burning altar of Makhleb.
  4658 | D:6      | Reached skill level 5 in Fighting
  4740 | D:6      | Became a worshipper of Makhleb the Destroyer
  4923 | D:6      | Found Emibburak's Antique Armour Shoppe.
  5161 | D:6      | Found a basalt altar of Yredelemnul.
  5197 | D:7      | Found a sparkling altar of Nemelex Xobeh.
  5326 | D:7      | Reached XP level 9. HP: 54/54 MP: 9/9
  5433 | D:7      | Gained mutation: You are somewhat resistant to further mutation. [potion of mutation]
  5450 | D:7      | Reached * piety under Makhleb
  6105 | D:8      | Noticed a two-headed ogre
  6114 | D:8      | Killed a two-headed ogre
  6320 | D:8      | Found an iron altar of Okawaru.
  6373 | D:8      | Noticed an elephant
  6375 | D:8      | Noticed a death yak
  6392 | D:8      | Banished a death yak
  6446 | D:8      | Found a staircase to the Lair.
  6511 | D:8      | Banished an elephant
  6511 | D:8      | Reached XP level 10. HP: 47/61 MP: 10/10
  6851 | D:8      | Reached ** piety under Makhleb
  6906 | D:8      | Identified a scroll of acquirement
  7056 | Lair:1   | Entered Level 1 of the Lair of Beasts
  7386 | Lair:1   | Reached skill level 10 in Maces & Flails
  7404 | Lair:1   | Reached XP level 11. HP: 58/68 MP: 4/11
  7422 | Lair:1   | Reached *** piety under Makhleb
  8340 | Lair:2   | Found a staircase to the Shoals.
  8435 | Lair:2   | Noticed a four-headed hydra
  8442 | Lair:2   | Killed a four-headed hydra
  8673 | Lair:2   | Noticed Ice's ghost (journeyman MiBe)
  8704 | Lair:2   | Killed Ice's ghost
  8814 | Lair:3   | Reached XP level 12. HP: 75/75 MP: 12/12
  9092 | Lair:3   | Found a hole to the Spider Nest.
  9246 | Lair:3   | Reached skill level 10 in Shields
  9248 | Lair:3   | Reached **** piety under Makhleb
  9249 | Lair:3   | Reached skill level 5 in Dodging
  9452 | Lair:4   | Lost mutation: You are somewhat resistant to further mutation. [potion of cure mutation]
 10001 | Lair:4   | Noticed a four-headed hydra
 10010 | Lair:4   | Killed a four-headed hydra
 10055 | Lair:5   | Noticed an eight-headed hydra
 10062 | Lair:5   | Killed an eight-headed hydra
 10364 | Lair:5   | Found a staircase to the Slime Pits.
 10886 | Lair:6   | Entered Level 6 of the Lair of Beasts
 10896 | Lair:6   | Noticed a six-headed hydra
 10906 | Lair:6   | Killed a six-headed hydra
 10906 | Lair:6   | Reached skill level 10 in Armour
 10914 | Lair:6   | Reached XP level 13. HP: 81/81 MP: 13/13
 10946 | Lair:6   | Reached ***** piety under Makhleb
 11049 | Lair:6   | Noticed a dire elephant
 11059 | Lair:6   | Killed a dire elephant
 11112 | Lair:6   | Noticed a dire elephant
 11132 | Lair:6   | Killed a dire elephant
 11132 | Lair:6   | Reached skill level 10 in Fighting
 11157 | Lair:6   | Found a burning altar of Makhleb.
 11203 | Lair:6   | Found a gateway to Hell.
 11251 | Lair:6   | Noticed Nessos
 11265 | Lair:6   | Killed Nessos
 12123 | D:6      | Bought a glowing plate armour for 696 gold pieces
 12223 | D:9      | Found a hide-covered altar of Uskayaw.
 12237 | D:9      | Gained mutation: Your large and strong wings let you fly indefinitely. [Gargoyle growth]
 12237 | D:9      | Reached XP level 14. HP: 88/88 MP: 14/14
 12381 | D:9      | Noticed Joseph
 12394 | D:9      | Killed Joseph
 12808 | D:10     | Entered Level 10 of the Dungeon
 12880 | D:10     | Learned a level 5 spell: Bolt of Magma
 12989 | D:10     | Reached skill level 1 in Earth Magic
 13023 | D:10     | Reached ****** piety under Makhleb
 13122 | D:10     | Reached skill level 1 in Spellcasting
 13387 | D:10     | Reached skill level 1 in Conjurations
 13515 | D:11     | Found a staircase to the Orcish Mines.
 13664 | D:11     | Reached skill level 1 in Fire Magic
 13782 | D:11     | Noticed Erolcha
 13794 | D:11     | Killed Erolcha
 14485 | D:12     | Noticed Frances
 14512 | D:12     | Killed Frances
 14727 | D:12     | Found Wiupp's Magic Scroll Shop.
 15002 | D:13     | Gained mutation: Your mind is acute. (Int +2) [potion of beneficial mutation]
 15464 | D:13     | Reached skill level 5 in Earth Magic
 15700 | D:13     | Reached skill level 5 in Conjurations
 15936 | D:13     | Reached skill level 5 in Fire Magic
 15936 | D:13     | Reached XP level 15. HP: 93/93 MP: 19/21
 16538 | D:14     | Reached XP level 16. HP: 100/100 MP: 21/23
 16587 | D:14     | Found a gate to the Vaults.
 17149 | D:15     | Entered Level 15 of the Dungeon
 17233 | D:15     | Reached skill level 5 in Spellcasting
 17798 | D:15     | Found a staircase to the Depths.
 17885 | D:15     | Noticed Azrael
 17903 | D:15     | Killed Azrael
 18277 | Orc:1    | Entered Level 1 of the Orcish Mines
 18615 | Orc:1    | Found Pibu's Assorted Antiques.
 18801 | Orc:2    | Entered Level 2 of the Orcish Mines
 18849 | Orc:2    | Found a frozen archway.
 18888 | IceCv    | Entered an ice cave
 18996 | IceCv    | Got a steaming pewter ring
 18998 | IceCv    | Identified the ring "Hieceu Leergh" {rPois Slay+3 Stlth-} (You found it in an ice cave)
 19626 | Orc:2    | Found Ickevedwe's Antique Weapon Boutique.
 19626 | Orc:2    | Found Moumar's Antique Armour Shoppe.
 19651 | Orc:2    | Found Joafesala's Book Shoppe.
 19651 | Orc:2    | Found Setainusch's Magic Scroll Shop.
 19663 | Orc:2    | Bought a shiny large shield for 388 gold pieces
 19680 | Orc:2    | Bought a scroll of enchant armour for 127 gold pieces
 19681 | Orc:2    | Bought a book of Annihilations for 1435 gold pieces
 19862 | Orc:2    | Found a staircase to the Elven Halls.
 20277 | Spider:1 | Entered Level 1 of the Spider Nest
 20404 | Spider:1 | Reached XP level 17. HP: 106/106 MP: 25/25
 21703 | Spider:3 | HP: 1/108 [wolf spider (7)]
 22046 | Spider:3 | Reached skill level 15 in Maces & Flails
 22445 | Spider:4 | Entered Level 4 of the Spider Nest
 22982 | Spider:4 | Reached XP level 18. HP: 114/114 MP: 0/27
 23218 | Spider:4 | Got a gossamer rune of Zot
 23494 | Spider:4 | Noticed Roxanne
 23643 | Shoals:1 | Entered Level 1 of the Shoals
 23780 | Shoals:1 | Noticed Kirke
 23789 | Shoals:1 | Killed Kirke
 23975 | Shoals:1 | Identified the Catalogue of Unstable Conjuration
 24778 | Shoals:2 | Reached skill level 15 in Shields
 24938 | Shoals:2 | Got a steaming rapier
 24939 | Shoals:2 | Identified the +6 rapier "Biarghisoy" {pierce, *Slow +Inv rElec rC++} (You found it on level 2 of the Shoals)
 25778 | Shoals:3 | Reached XP level 19. HP: 120/120 MP: 30/30
 26326 | Shoals:4 | Entered Level 4 of the Shoals
 26436 | Shoals:4 | Reached skill level 10 in Earth Magic
 26677 | Shoals:4 | Noticed Ilsuiw
 26747 | Shoals:4 | Killed Ilsuiw
 27330 | Shoals:4 | Got a barnacled rune of Zot
 27661 | Vaults:1 | Entered Level 1 of the Vaults
 27878 | Vaults:1 | Reached skill level 15 in Armour
 28181 | Vaults:1 | Found Icre's Weapon Boutique.
 28380 | Vaults:1 | Reached XP level 20. HP: 128/128 MP: 32/32
 29091 | Vaults:2 | Found Nufulaz's Distillery.
 29128 | Vaults:2 | Reached skill level 15 in Fighting
 29185 | Vaults:2 | Reached skill level 10 in Conjurations
 29471 | Vaults:2 | Found Kafeaps's Antique Weapon Boutique.
 29509 | Vaults:2 | Noticed Jorgrun
 29524 | Vaults:2 | Killed Jorgrun
 29656 | Vaults:2 | Found Ostrewa's Weapon Shoppe.
 30347 | Vaults:3 | Found a staircase to the Crypt.
 30466 | Vaults:3 | Noticed Nikola
 30498 | Vaults:3 | Killed Nikola
 30595 | Vaults:3 | Got a pair of encrusted gloves
 30606 | Vaults:3 | Identified the cursed +0 pair of gloves "Dety" {Int+4 Dex+4} (You took it off Nikola on level 3 of the Vaults)
 30720 | Vaults:3 | Reached XP level 21. HP: 134/135 MP: 27/33
 30970 | Vaults:3 | Got a jewelled cloak
 30981 | Vaults:3 | Identified the cursed +0 cloak of Zoaskatu {*Drain +Blink rElec Str+4} (You found it on level 3 of the Vaults)
 31189 | Vaults:3 | Paralysed by a great orb of eyes for 3 turns
 31357 | Vaults:3 | Got a jewelled morningstar
 31358 | Vaults:3 | Identified the +9 morningstar "Banisher" {crush, rC+ rN+ Stlth+} (You found it on level 3 of the Vaults)
 31398 | Vaults:3 | Noticed Mara
 31403 | Vaults:3 | Noticed JeffiDaFish's illusion
 31443 | Vaults:3 | Killed Mara
 31443 | Vaults:3 | Reached skill level 1 in Evocations
 31783 | Vaults:4 | Noticed Frederick
 31799 | Vaults:4 | Killed Frederick
 32023 | Vaults:4 | Found a stormy altar of Qazlal.
 32451 | Vaults:4 | Identified the +4 cloak of Yredelemnul's Reproof {rF+ MR+} (You found it on level 4 of the Vaults)
 32551 | Vaults:4 | Cast into level 4 of the Abyss (a lich)
 32551 | Abyss:4  | Found a corrupted altar of Lugonu.
 32674 | Abyss:4  | Gained mutation: Your body sometimes deteriorates upon taking damage. [a cacodemon]
 32710 | Vaults:4 | Escaped the Abyss
 32819 | Vaults:4 | Reached skill level 10 in Fire Magic
 32819 | Vaults:4 | Reached XP level 22. HP: 142/142 MP: 20/35
 32959 | Vaults:4 | Noticed Aizul
 32972 | Vaults:4 | Killed Aizul
 33485 | Vaults:5 | Entered Level 5 of the Vaults
 33534 | Vaults:5 | Noticed JeffiDaFish's ghost (veteran GrFi)
 33612 | Vaults:5 | Reached XP level 23. HP: 114/149 MP: 1/36
 33622 | Vaults:5 | Gained mutation: You are clumsy. (Dex -2) [a neqoxec]
 33777 | Vaults:5 | Killed JeffiDaFish's ghost
 33930 | Vaults:5 | Got a warped flail {vamp}
 33940 | Vaults:5 | Identified the +8 flail "Gabeelil" {vamp, Str+4 Stlth+} (You took it off a deep elf knight on level 5 of the Vaults)
 33982 | Vaults:5 | Reached skill level 10 in Spellcasting
 33986 | Vaults:5 | Noticed an ancient lich
 34008 | Vaults:5 | Killed an ancient lich
 34217 | Vaults:5 | Got an uncursed ancient quarterstaff {crush}
 34293 | Vaults:5 | Got a silver rune of Zot
 34398 | Crypt:1  | Entered Level 1 of the Crypt
 34492 | Crypt:1  | Noticed Beargit's ghost (adept FeSu)
 34515 | Crypt:1  | Killed Beargit's ghost
 35022 | Crypt:1  | Noticed Boris
 35043 | Crypt:1  | Killed Boris
 35576 | Crypt:1  | Reached skill level 5 in Evocations
 35726 | Crypt:2  | Reached XP level 24. HP: 157/157 MP: 37/37
 36381 | Crypt:2  | Learned a level 6 spell: Iron Shot
 36518 | Crypt:3  | Entered Level 3 of the Crypt
 36730 | Crypt:3  | Found a basalt altar of Yredelemnul.
 37068 | Crypt:3  | Identified the cursed +0 buckler of the Forgotten Eyes {rElec rN++ rCorr Dex-2} (You found it on level 3 of the Crypt)
 37149 | Crypt:3  | Noticed Jory
 37675 | Crypt:3  | Identified the Handbook of Sinister Rites
 37774 | Crypt:3  | Killed Jory
 37775 | Crypt:3  | Found a staircase to the Tomb.
 37776 | Crypt:3  | Got a sparkling steel ring
 37782 | Crypt:3  | Identified the ring of Xom's Best Wishes {Ice MR+ Dex+8} (You took it off Jory on level 3 of the Crypt)
 37814 | Crypt:3  | Identified the +3 cloak of Distant Shores {*Corrode rPois rC+ Str+2} (You found it on level 3 of the Crypt)
 37940 | Crypt:3  | Got a brightly glowing ruby amulet
 37941 | Crypt:3  | Identified the amulet of Kokhlas {*Drain +Rage Dex+5} (You found it on level 3 of the Crypt)
 38326 | Elf:1    | Entered Level 1 of the Elven Halls
 38348 | Elf:1    | Found a radiant altar of Vehumet.
 38498 | Elf:1    | Reached XP level 25. HP: 162/164 MP: 37/37
 39324 | Elf:1    | Found Anannud's Gadget Boutique.
 39745 | Elf:2    | Found a flickering gateway to a bazaar.
 39757 | Bazaar   | Entered a bazaar
 39759 | Bazaar   | Found Hecemosuss's Weapon Emporium.
 39827 | Bazaar   | Found Okigeo's Gadget Emporium.
 39845 | Bazaar   | Found Itwumac's Armour Shoppe.
 40069 | Elf:2    | Found a runed gate.
 40069 | Elf:2    | Found a runed gate.
 40069 | Elf:2    | Found a runed gate.
 40207 | Elf:2    | Noticed Louise
 40219 | Elf:2    | Killed Louise
 40539 | Elf:2    | Cast into level 4 of the Abyss (lajatang of distortion)
 40920 | Elf:2    | Escaped the Abyss
 41256 | Elf:3    | Entered Level 3 of the Elven Halls
 41341 | Elf:3    | Found Nakk's Quality Used Wands.
 41384 | Elf:3    | Found Ysin's Magic Scroll Shoppe.
 41786 | Elf:3    | Slain by an earth elemental

Skill      XL: |  1  2  3  4  5  6  7  8  9 10 11 12 13 14 15 16 17 18 19 20 21 22 23 24 25 |
---------------+----------------------------------------------------------------------------+-----
Maces & Flails | 3 4 5 7 9 10 11 12 13 14 15 16 17 18 19 | 19.6
Fighting       | 4 5 6 7 8 9 10 11 12 13 14 15 16 17 18 | 18.9
Shields        | 4 5 6 7 8 9 11 12 13 14 15 16 17 18 19 | 19.6
Armour         | 4 5 6 7 8 9 10 11 12 13 14 15 16 17 18 19 | 19.0
Dodging        | 1 2 3 4 5 6 7 |  7.0
Stealth        | 1 2 3 |  3.1
Earth Magic    | 6 7 8 9 10 11 12 13 14 | 14.0
Spellcasting   | 4 5 6 7 8 9 10 11 | 11.0
Conjurations   | 5 7 8 9 10 11 12 | 12.9
Fire Magic     | 5 6 7 8 9 10 11 12 | 12.0
Evocations     | 2 4 5 6 |  6.7
Unarmed Combat | |  0.6

Action                   |  1- 3 |  4- 6 |  7- 9 | 10-12 | 13-15 | 16-18 | 19-21 | 22-24 | 25-27 || total
-------------------------+-------+-------+-------+-------+-------+-------+-------+-------+-------++-------
Melee: Flail             |   155 |   129 |       |       |       |       |       |       |       ||   284
       Whip              |       |    79 |   304 |    40 |       |       |       |       |       ||   423
       Shillelagh        |       |       |       |   345 |   772 |  1656 |  1483 |   508 |    32 ||  4796
       Morningstar       |       |       |       |       |       |       |    15 |  1509 |   579 ||  2103
 Cast: Bolt of Magma     |       |       |       |       |       |       |       |     5 |     2 ||     7
 Abil: Fly               |       |       |       |       |     1 |       |       |       |       ||     1
  Use: Scroll            |     6 |     6 |    10 |    14 |     6 |    12 |     8 |     7 |    11 ||    80
       Potion            |     1 |     4 |     3 |     3 |     8 |     4 |     3 |     1 |       ||    27
  Eat: Chunk             |     2 |     9 |     8 |    12 |    14 |    28 |    25 |     8 |    12 ||   118
       Royal jelly       |       |       |       |     1 |       |     3 |       |     7 |       ||    11
       Fruit             |       |       |       |       |     2 |       |     1 |     3 |       ||     6
       Bread ration      |       |       |       |       |     1 |       |       |       |       ||     1
       Pizza             |       |       |       |       |     1 |       |       |     2 |       ||     3
       Beef jerky        |       |       |       |       |       |       |       |     1 |       ||     1
Armor: Scale mail        |    97 |   140 |    84 |   154 |   109 |       |       |       |       ||   584
       Plate armour      |       |       |       |       |   244 |  1332 |   640 |  1595 |   186 ||  3997
Dodge: Dodged            |    64 |    85 |    61 |   117 |   264 |   466 |   248 |   614 |   115 ||  2034
Block: Shield            |   103 |   118 |   133 |   179 |   410 |   261 |       |       |       ||  1204
       Large shield      |       |       |       |       |       |  1556 |  1306 |  2527 |   595 ||  5984
